 Dungeon Crawl Stone Soup version 0.20.1-1-g8b1a95d (webtiles) character file.

58208 ReignOfFire the Fencer (level 14, -2/129 HPs)
             Began as a Demonspawn Gladiator on July 19, 2017.
             Was the Champion of Makhleb.
             Killed from afar by an orc sorcerer (18 damage)
             ... with a bolt of fire
             ... on level 15 of the Dungeon.
             The game lasted 00:48:24 (17998 turns).

ReignOfFire the Fencer (Demonspawn Gladiator)      Turns: 17998, Time: 00:48:24

Health: -2/129     AC: -17   Str: 22    XL:     14   Next: 48%
Magic:  25/25      EV: 10    Int: 15    God:    Makhleb [******]
Gold:   1304       SH:  0    Dex: 14    Spells: 13/13 levels left

rFire    + . .     SeeInvis +   K - +3 scimitar (flame)
rCold    . . .     Gourm    .   (no shield)
rNeg     . . .     Faith    .   N - +9 plate armour "Adghull" {MP+9 Str+3 Int+2}
rPois    +         Spirit   .   (helmet restricted)
rElec    .         Reflect  .   V - +3 cloak "Buar" {+Blink rPois}
rCorr    .         Harm     .   (no gloves)
MR       +....                  (boots unavailable)
Stlth    ..........             (no amulet)
Regen    0.4/turn               v - ring of see invisible
MPRegen  0.2/turn               Q - +5 ring of protection

@: corroded, drained
A: hooves 3, horns 1, molten scales 2, clever 1, deformed body, fire resistance
1, high mp 1, mutation resistance 1, poison resistance, powered by pain 2,
robust 1, wild magic 1, no potion heal 2
a: Minor Destruction, Lesser Servant of Makhleb, Major Destruction, Greater
Servant of Makhleb, Renounce Religion, Evoke Blink


You were on level 15 of the Dungeon.
You worshipped Makhleb.
Makhleb was exalted by your worship.
You were not hungry.

You visited 2 branches of the dungeon, and saw 16 of its levels.
You visited the Abyss 1 time.
You also visited: Sewer.

You collected 1304 gold pieces.

Inventory:

Hand Weapons
 K - a +3 scimitar of flaming (weapon)
 Y - a +0 long sword of electrocution
Armour
 I - a +2 cloak of invisibility
 N - the +9 plate armour "Adghull" (worn) {MP+9 Str+3 Int+2}
   (You found it on level 10 of the Dungeon)

   It affects your strength (+3).
   It affects your intelligence (+2).
   It affects your magic capacity (+9).
 R - a cursed +0 pair of boots
 T - +0 acid dragon scales
 V - the +3 cloak "Buar" (worn) {+Blink rPois}
   (You found it on level 13 of the Dungeon)

   It protects you from poison.
   It lets you blink.
Jewellery
 k - a +4 ring of intelligence
 v - a ring of see invisible (left hand)
 z - an uncursed ring of ice
 M - an uncursed ring of protection from cold
 Q - a +5 ring of protection (right hand)
 S - an uncursed ring of wizardry
Wands
 b - a wand of iceblast (8/15)
 c - a wand of flame (29/48)
 i - a wand of disintegration (18/24)
 n - a wand of flame (20/48)
 t - a wand of disintegration (12/24)
 A - a wand of polymorph (19/24)
 H - a wand of iceblast (9/15)
 X - a wand of disintegration (10/24)
Scrolls
 a - 3 scrolls of identify
 e - 9 scrolls of remove curse
 g - 2 scrolls of enchant armour
 o - 10 scrolls of teleportation
 q - a scroll of enchant weapon
 s - 4 scrolls of fear
 w - a scroll of recharging
 y - a scroll of fog
 G - a scroll of magic mapping
 W - a scroll of immolation
Potions
 d - 3 potions of brilliance
 h - a potion of invisibility
 j - 6 potions of flight
 l - a potion of cancellation {unknown}
 m - 4 potions of curing
 u - 3 potions of agility
 B - a potion of might
 O - 2 potions of heal wounds
 P - a potion of haste
Comestibles
 f - 10 bread rations
 p - 12 meat rations
 r - 4 royal jellies
 x - 13 fruits
 C - 11 chunks of flesh


   Skills:
 + Level 13.0(11.9) Fighting
 + Level 15.3(14.2) Long Blades
 + Level 2.1(1.4) Throwing
 + Level 10.9(9.9) Armour
 + Level 6.7(5.8) Dodging
 + Level 4.1(3.3) Stealth
 + Level 1.1(0.3) Evocations


You had 13 spell levels left.
You didn't know any spells.

Dungeon Overview and Level Annotations

Branches:
Dungeon (15/15)            Temple (1/1) D:6            Lair (0/6) D:9
    Orc (0/2) D:10         Vaults (0/5) D:13
 Depths: D:15

Altars:
Ashenzari
Cheibriados
Dithmenos
Elyvilon
Fedhas
Gozag
Hepliaklqana
Kikubaaqudgha
Makhleb
Nemelex Xobeh
Okawaru
Qazlal
Ru
Sif Muna
Trog
Uskayaw
Vehumet
Xom
Yredelemnul
Zin
The Shining One

Shops:
D:4 }   D:5 ?   D:9 *   D:13 [

Portals:
Trove: D:15 (give 12 potions of heal wounds)

Annotations:
D:3 ReignOfFire's ghost, amateur DsGl
D:4 lotsofdiagrams's ghost, amateur NaVM
D:5 1 runed door
D:13 motoroller71's ghost, journeyman DsGl


Innate Abilities, Weirdness & Mutations

You have hooves in place of feet.
You are mostly covered in molten scales. (AC +3)
Your flesh is heat resistant. (rF+)
You sometimes gain power by taking damage.
You have a pair of small horns on your head.
Your mind is acute. (Int +2)
Armour fits poorly on your strangely shaped body.
You have an increased reservoir of magic. (+10% MP)
You are somewhat resistant to further mutation.
Your system is resistant to poisons. (rPois)
You are robust. (+10% HP)
Your spells are a little harder to cast, but a little more powerful.
Potions are poor at restoring your health.


Message History

The orc sorcerer points at you and mumbles some strange words.
The bolt of negative energy hits the rust devil.
The rust devil completely resists.
The bolt of negative energy misses you. The rust devil hits you!
The rust devil corrodes you! The rust devil hits you.
* * * LOW HITPOINT WARNING * * *
The rust devil corrodes you!
The orc sorcerer shouts, "You are history!"
The rust devil disappears in a puff of smoke!
The orc sorcerer casts a spell at you. The bolt of negative energy hits you!
You feel drained.
* * * LOW HITPOINT WARNING * * *
The orc sorcerer casts a spell at you. The bolt of negative energy misses you.
The soul eater disappears in a puff of smoke!
You see here a rapier.
There is an open door here.
The orc sorcerer gestures at you while chanting.
The bolt of fire hits you! You resist.
You die...

###c..### #.###..##...# ###
#...########.##...##...# ..#
#.........##............
.<################.#....(..##....
...##.##..o..##....#.......(#....
.....##ยง......##.....)).(((......
...###..#####).#.[.#.)#..(###....
..## #..# #..###.#.(#.(.# #....
..# #o.+ #))'@..#((....# ##### ###
#.3# #..#####(#...## #
#..#####..### #((..#.####### #
##.....).##.###(#(.........# #
##...).##.###..(....###.... #
########.##........###.#.. #
#.##..##.#..##.....
###############.##..##........#.#
...#..................##........#


You could see an orc sorcerer.

Vanquished Creatures
  Agnes (D:15)
  2 tentacled starspawn (Abyss:2)
  Snorg (D:10)
  A fire dragon (D:10)
  The ghost of Goboxel the Fighter, a journeyman DrMo of Yredelemnul (D:13)
  2 hydras
  8 vault guards (D:13)
  2 centaur warriors
  4 two-headed ogres
  2 tengu warriors
  2 thrashing horrors (Abyss:2)
  2 wretched stars (Abyss:2)
  2 large abominations (Abyss:2)
  3 unseen horrors
  A sixfirhy (D:14)
  4 wizards
  An orc knight (D:14)
  A wolf spider (D:15)
  5 cyclopes
  An orc sorcerer (D:15)
  8 ugly things
  A worldbinder (Abyss:2)
  6 manticores
  2 centaur zombies
  Joseph (D:10)
  A black mamba (shapeshifter) (D:13)
  Maurice (D:9)
  5 centaur skeletons
  3 kobold demonologists
  An efreet (D:10)
  3 komodo dragons (D:15)
  An ice devil (Abyss:2)
  4 trolls
  2 slime creatures
  Prince Ribbit (D:5)
  4 hippogriffs
  A flying skull (Abyss:2)
  Sigmund (D:5)
  3 wraiths
  A vampire (D:12)
  27 yaks
  A wyvern (D:10)
  4 vampire mosquitoes (D:15)
  3 hungry ghosts
  4 wargs (D:14)
  2 small abominations (Abyss:2)
  2 soldier ants
  An acid dragon (D:12)
  A water moccasin (D:6)
  2 hell hounds (D:9)
  4 floating eyes (D:12)
  9 orc warriors
  5 ice beasts
  7 sky beasts
  A necrophage (D:14)
  A black bear (D:10)
  An eye of draining (Abyss:2)
  4 phantoms
  6 ogres
  15 centaurs
  7 big kobolds
  10 bullfrogs
  2 wyvern zombies
  A water moccasin skeleton (D:8)
  2 wyvern skeletons
  5 scorpions
  21 killer bees
  A wight (Abyss:2)
  A howler monkey (D:13)
  A bullfrog zombie (D:7)
  10 crimson imps
  2 quasits
  7 hounds
  3 bullfrog skeletons
  6 jellies
  2 orc priests (D:12)
  6 orc wizards
  4 iguanas
  8 worker ants
  A hound zombie (D:11)
  2 hound skeletons
  A worker ant zombie (D:5)
  22 adders
  4 gnolls
  4 river rats (Sewer)
  2 shadow imps
  2 ufetubi (Abyss:2)
  6 oozes
  An adder zombie (D:7)
  3 adder skeletons
  2 dart slugs
  A worm (D:5)
  9 leopard geckos
  39 orcs
  3 ball pythons
  4 giant cockroaches
  5 goblins
  6 hobgoblins
  8 jackals
  6 quokkas
  A ball python skeleton (D:4)
  4 bats
  6 frilled lizards
  A jackal skeleton (D:4)
  27 kobolds
  A leopard gecko skeleton (D:7)
  2 quokka skeletons (D:4)
  9 rats
  A starspawn tentacle (Abyss:2)
478 creatures vanquished.

Vanquished Creatures (others)
  A centaur warrior (D:10)
  A frilled lizard (D:2)
  4 demonic plants (Abyss:2)
  8 starspawn tentacles (Abyss:2)
14 creatures vanquished.

Grand Total: 492 creatures vanquished

Notes
Turn   | Place    | Note
-------+----------+-------------------------------------------
     0 | D:1      | ReignOfFire the Demonspawn Gladiator began the quest for the Orb.
     0 | D:1      | Reached XP level 1. HP: 16/16 MP: 1/1
   153 | D:1      | Gained mutation: You are partially covered in molten scales. (AC +2) [demonic ancestry]
   153 | D:1      | Reached XP level 2. HP: 19/22 MP: 2/2
   647 | D:2      | Found a bloodstained altar of Trog.
   773 | D:2      | Gained mutation: You have large cloven feet. [demonic ancestry]
   773 | D:2      | Reached XP level 3. HP: 28/28 MP: 3/3
  1046 | D:2      | Found a stormy altar of Qazlal.
  1305 | D:3      | Reached skill level 3 in Long Blades
  1499 | D:3      | Noticed ReignOfFire's ghost (amateur DsGl)
  1514 | D:3      | Reached XP level 4. HP: 22/34 MP: 4/4
  1788 | D:3      | Reached skill level 1 in Armour
  2230 | D:4      | Reached XP level 5. HP: 38/40 MP: 5/5
  2289 | D:4      | Noticed lotsofdiagrams's ghost (amateur NaVM)
  2292 | D:4      | Noticed an ogre
  2329 | D:3      | Reached skill level 4 in Long Blades
  2559 | D:4      | Killed an ogre
  3117 | D:4      | Gained mutation: You sometimes gain a little power by taking damage. [demonic ancestry]
  3117 | D:4      | Reached XP level 6. HP: 30/47 MP: 6/6
  3351 | D:4      | Reached skill level 5 in Long Blades
  3665 | D:4      | Found Pafruff's Gadget Shop.
  3702 | D:5      | Entered Level 5 of the Dungeon
  3830 | D:5      | Gained mutation: Your flesh is heat resistant. (rF+) [demonic ancestry]
  3830 | D:5      | Reached XP level 7. HP: 52/52 MP: 7/7
  3852 | D:5      | Reached skill level 1 in Stealth
  3874 | D:5      | Found Japenif's Magic Scroll Emporium.
  3881 | D:5      | Noticed Prince Ribbit
  4465 | D:5      | Reached skill level 6 in Long Blades
  4469 | D:5      | Gained mutation: You are robust. (+10% HP) [mutagenic meat]
  4470 | D:5      | Lost mutation: You are robust. (+10% HP) [mutagenic meat]
  4471 | D:5      | Gained mutation: Your magical capacity is low. (-10% MP) [mutagenic meat]
  4474 | D:5      | Gained mutation: Armour fits poorly on your strangely shaped body. [mutagenic meat]
  4737 | D:5      | HP: 2/53 [Prince Ribbit (14)]
  4744 | D:5      | Killed Prince Ribbit
  4744 | D:5      | Reached XP level 8. HP: 46/60 MP: 7/7
  4809 | D:5      | Found a runed door.
  4917 | D:5      | Noticed Sigmund
  4941 | D:5      | Killed Sigmund
  5226 | D:6      | Reached skill level 7 in Long Blades
  5278 | D:6      | Found a radiant altar of Vehumet.
  5393 | D:6      | Found a staircase to the Ecumenical Temple.
  5476 | D:6      | Found a glowing drain.
  5487 | Sewer    | Entered a sewer
  5969 | Sewer    | Reached skill level 5 in Fighting
  6375 | D:6      | Reached skill level 8 in Long Blades
  6375 | D:6      | Gained mutation: You are mostly covered in molten scales. (AC +3) [demonic ancestry]
  6375 | D:6      | Reached XP level 9. HP: 26/68 MP: 8/8
  6605 | D:6      | Reached skill level 5 in Dodging
  6609 | D:6      | Gained mutation: Your system is resistant to poisons. (rPois) [mutagenic meat]
  6742 | Temple   | Entered the Ecumenical Temple
  6798 | Temple   | Became a worshipper of Makhleb the Destroyer
  6845 | D:6      | Found a basalt altar of Yredelemnul.
  6845 | D:6      | Found a sparkling altar of Nemelex Xobeh.
  7544 | D:7      | Reached skill level 9 in Long Blades
  7850 | D:8      | Paralysed by fainting for 9 turns
  7914 | D:8      | Noticed a two-headed ogre
  7925 | D:8      | Killed a two-headed ogre
  7996 | D:8      | Reached XP level 10. HP: 30/77 MP: 9/9
  8000 | D:8      | HP: 2/77 [ice beast (12)]
  8594 | D:8      | Reached skill level 10 in Long Blades
  8661 | D:8      | Reached * piety under Makhleb
  8668 | D:8      | HP: 5/115 [killer bee (3)]
  9202 | D:9      | Found Ceillaen's Assorted Antiques.
  9218 | D:9      | Noticed Maurice
  9242 | D:9      | HP: 3/77 [Maurice/dagger of speed (9)]
  9248 | D:9      | Killed Maurice
  9795 | D:9      | Found a staircase to the Lair.
 10035 | D:9      | Found a deep blue altar of Sif Muna.
 10052 | D:9      | Found an iron altar of Okawaru.
 10052 | D:9      | Found a hide-covered altar of Uskayaw.
 10052 | D:9      | Found a bloodstained altar of Trog.
 10055 | D:9      | Found a glowing silver altar of Zin.
 10192 | D:10     | Entered Level 10 of the Dungeon
 10263 | D:10     | Got a steaming plate armour
 10274 | D:10     | Identified the +9 plate armour "Adghull" {MP+9 Str+3 Int+2} (You found it on level 10 of the Dungeon)
 10556 | D:10     | Noticed Snorg
 10590 | D:10     | Killed Snorg
 10590 | D:10     | Reached skill level 11 in Long Blades
 10590 | D:10     | Reached skill level 5 in Armour
 10605 | D:10     | Killed a centaur warrior
 10608 | D:10     | Noticed an unseen horror
 10615 | D:10     | Killed an unseen horror
 10619 | D:10     | Gained mutation: You have hoof-like feet. [demonic ancestry]
 10619 | D:10     | Reached XP level 11. HP: 42/86 MP: 10/10
 10643 | D:10     | Found a blossoming altar of Fedhas.
 10745 | D:10     | Reached skill level 1 in Evocations
 11116 | D:10     | Noticed Joseph
 11131 | D:10     | Killed Joseph
 11154 | D:10     | Noticed a fire dragon
 11186 | D:10     | Killed a fire dragon
 11480 | D:10     | Noticed a tengu warrior
 11498 | D:10     | Killed a tengu warrior
 11508 | D:10     | Noticed an unseen horror
 11512 | D:10     | Killed an unseen horror
 11767 | D:10     | Noticed a two-headed ogre
 11778 | D:10     | Killed a two-headed ogre
 11810 | D:10     | Gained mutation: You are somewhat resistant to further mutation. [mutagenic meat]
 11812 | D:10     | Gained mutation: You are robust. (+10% HP) [mutagenic meat]
 11814 | D:10     | Gained mutation: Potions are less effective at restoring your health. [mutagenic meat]
 11853 | D:10     | Found a staircase to the Orcish Mines.
 12067 | D:11     | Noticed a four-headed hydra
 12077 | D:10     | Reached skill level 12 in Long Blades
 12127 | D:11     | Killed a one-headed hydra
 12136 | D:11     | Reached ** piety under Makhleb
 12246 | D:11     | Noticed a white ugly thing
 12265 | D:11     | Killed a white ugly thing
 12579 | D:11     | Gained mutation: You sometimes gain power by taking damage. [demonic ancestry]
 12579 | D:11     | Reached XP level 12. HP: 104/104 MP: 11/11
 12906 | D:11     | Reached *** piety under Makhleb
 13085 | D:11     | Gained mutation: Potions are poor at restoring your health. [mutagenic meat]
 13102 | D:12     | Reached skill level 13 in Long Blades
 13553 | D:12     | Gained mutation: You have a pair of small horns on your head. [mutagenic meat]
 13554 | D:12     | Lost mutation: Your magical capacity is low. (-10% MP) [mutagenic meat]
 13595 | D:12     | Paralysed by a floating eye for 4 turns
 14115 | D:12     | Gained mutation: Your spells are a little harder to cast, but a little more powerful. [mutagenic meat]
 14145 | D:12     | Paralysed by a floating eye for 2 turns
 14362 | D:12     | Paralysed by a floating eye for 4 turns
 14381 | D:12     | Paralysed by a floating eye for 3 turns
 14391 | D:12     | Reached **** piety under Makhleb
 14445 | D:12     | Reached skill level 10 in Fighting
 14927 | D:13     | Noticed a vault guard
 14927 | D:13     | Noticed a vault guard
 14928 | D:13     | Noticed a vault guard
 14928 | D:13     | Found a gate to the Vaults.
 14928 | D:13     | Noticed a vault guard
 14928 | D:13     | Noticed a vault guard
 14929 | D:13     | Noticed a vault guard
 14929 | D:13     | Noticed a vault guard
 14930 | D:13     | Noticed a vault guard
 14940 | D:13     | Killed a vault guard
 14952 | D:13     | Killed a vault guard
 14952 | D:13     | Reached skill level 14 in Long Blades
 14973 | D:13     | Killed a vault guard
 14980 | D:13     | Killed a vault guard
 14980 | D:13     | Reached XP level 13. HP: 110/114 MP: 13/13
 15180 | D:13     | Found Peemed's Armour Emporium.
 15207 | D:13     | Got a distressingly furry cloak
 15222 | D:13     | Identified the +3 cloak "Buar" {+Blink rPois} (You found it on level 13 of the Dungeon)
 15239 | D:13     | Noticed Goboxel's ghost (journeyman DrMo)
 15293 | D:13     | Killed Goboxel's ghost
 15343 | D:13     | Noticed motoroller71's ghost (journeyman DsGl)
 15665 | D:13     | Cast into level 2 of the Abyss (motoroller71's ghost)
 16030 | Abyss:2  | Noticed a tentacled starspawn
 16044 | Abyss:2  | Noticed a tentacled starspawn
 16053 | Abyss:2  | Killed a tentacled starspawn
 16094 | Abyss:2  | Killed a tentacled starspawn
 16109 | Abyss:2  | Reached ***** piety under Makhleb
 16130 | Abyss:2  | Found a snail-covered altar of Cheibriados.
 16174 | D:13     | Escaped the Abyss
 16380 | D:13     | Reached skill level 10 in Armour
 16557 | D:14     | Gained mutation: Your mind is acute. (Int +2) [mutagenic meat]
 16604 | D:14     | Gained mutation: You have hooves in place of feet. [demonic ancestry]
 16604 | D:14     | Reached XP level 14. HP: 93/126 MP: 14/14
 16848 | D:14     | You fall through a shaft!
 16848 | D:15     | Entered Level 15 of the Dungeon
 16854 | D:15     | Reached skill level 15 in Long Blades
 17204 | D:14     | Found a runed door.
 17529 | D:15     | Found a portal to a secret trove of treasure.
 17618 | D:15     | Noticed Agnes
 17629 | D:15     | Killed Agnes
 17777 | D:15     | Gained mutation: You have an increased reservoir of magic. (+10% MP) [mutagenic meat]
 17936 | D:15     | Reached ****** piety under Makhleb
 17956 | D:15     | Paralysed by an orc sorcerer for 6 turns
 17967 | D:15     | Paralysed by a wizard for 2 turns
 17998 | D:15     | Killed from afar by an orc sorcerer

Skill      XL: |  1  2  3  4  5  6  7  8  9 10 11 12 13 14 |
---------------+-------------------------------------------+-----
Throwing       | 2 |  2.1
Dodging        | 3 4 5 6 |  6.7
Long Blades    | 3 4 5 6 8 9 11 12 14 15 | 15.3
Armour         | 1 2 3 4 5 7 8 10 | 10.9
Fighting       | 3 4 5 6 8 9 10 12 13 | 13.0
Stealth        | 2 3 4 |  4.1
Evocations     | 1 |  1.1

Action                   |  1- 3 |  4- 6 |  7- 9 | 10-12 | 13-15 || total
-------------------------+-------+-------+-------+-------+-------++-------
Melee: Long sword        |    92 |   134 |   446 |   267 |       ||   939
       Kick              |    13 |    54 |   122 |   255 |    84 ||   528
       Scimitar          |       |       |       |   483 |   528 ||  1011
       Headbutt          |       |       |       |    53 |   140 ||   193
Throw: Throwing net      |       |     3 |     1 |       |       ||     4
 Abil: Evoke Invisibilit |       |       |       |     1 |       ||     1
  Use: Potion            |       |     1 |     4 |     9 |       ||    14
       Scroll            |       |       |    17 |     3 |     7 ||    27
 Stab: Held in net/web   |       |     2 |       |       |       ||     2
       Sleeping          |       |       |     1 |     3 |       ||     4
       Invisible         |       |       |       |     2 |       ||     2
  Eat: Chunk             |     2 |     8 |    19 |    39 |    18 ||    86
       Fruit             |       |       |     2 |     4 |       ||     6
       Bread ration      |       |       |     1 |       |     1 ||     2
Armor: Leather armour    |    40 |    53 |   132 |    30 |       ||   255
       Plate armour      |       |       |       |   422 |   474 ||   896
       Skin              |       |       |       |    32 |       ||    32
Dodge: Dodged            |    68 |    84 |   284 |   376 |   366 ||  1178
       Rpst.: Long sword |    22 |    31 |    95 |    33 |       ||   181
       Scimitar          |       |       |       |    61 |    97 ||   158
